 Dungeon Crawl Stone Soup version 0.18.1-48-g4cf74bf (webtiles) character file.

4972 nikopol the Cleaver (level 10, -13/132 HPs)
             Began as a Minotaur Berserker on Aug 11, 2016.
             Was a High Priest of Trog.
             Mangled by a large slime creature (29 damage)
             ... on level 8 of the Dungeon.
             The game lasted 00:16:45 (6516 turns).

nikopol the Cleaver (Minotaur Berserker)            Turns: 6516, Time: 00:16:46

Health: -13/132    AC: 11    Str: 27    XL:     10   Next: 28%
Magic:  9/9        EV: 14    Int:  4    God:    Trog [*****.]
Gold:   439        SH:  0    Dex: 13    Spells: 0 memorised, 9 levels left

rFire  . . .     SeeInvis .     J - +3 war axe (curse)
rCold  . . .     Gourm    .     x - +0 scale mail
rNeg   + . .     Faith    .     (no shield)
rPois  .         Spirit   .     (helmet restricted)
rElec  .         Dismiss  .     u - +0 cloak
rCorr  .         Reflect  .     (no gloves)
SustAt +         Harm     .     e - +1 pair of boots
MR     .....                    (no amulet)
Stlth  ..........               s - ring of positive energy
                                n - ring of sustain attributes

@: berserking, very quick, not resistant to hostile enchantments, extremely
unstealthy
A: retaliatory headbutt, horns 2
a: Berserk, Trog's Hand, Brothers in Arms, Burn Spellbooks, Renounce Religion


You were on level 8 of the Dungeon.
You worshipped Trog.
Trog was extremely pleased with you.
You were very hungry.

You visited 1 branch of the dungeon, and saw 8 of its levels.
You also visited: Ossuary.

You collected 439 gold pieces.

Inventory:

Hand Weapons
 a - a +1 war axe
 r - a +0 hand axe
 z - a +0 shortbow
 F - a +0 longbow
 J - a cursed +3 war axe (weapon)
Missiles
 l - 107 arrows (quivered)
Armour
 b - a +0 animal skin
 e - a +1 pair of boots (worn)
 k - a +0 ring mail
 u - a +0 cloak (worn)
 x - a +0 scale mail (worn)
Jewellery
 f - an uncursed ring of magical power {unknown}
 n - a ring of sustain attributes (left hand)
 q - an uncursed ring of magical power {unknown}
 s - a ring of positive energy (right hand)
Wands
 O - a wand of teleportation (6/9)
Scrolls
 d - 13 scrolls of identify
 h - 4 scrolls of enchant weapon
 j - 3 scrolls of noise
 w - a scroll of enchant armour
 A - 3 scrolls of remove curse
 D - 2 scrolls of fog {unknown}
 G - a scroll of magic mapping {unknown}
 N - a scroll of summoning {unknown}
Potions
 g - 2 potions of heal wounds {unknown}
 m - 9 potions of curing
 o - a potion of mutation {unknown}
 p - 4 potions of brilliance {unknown}
 t - 2 potions of berserk rage {unknown}
 v - 4 potions of ambrosia {unknown}
 y - 2 potions of might {unknown}
 B - 3 potions of degeneration {unknown}
 C - a potion of resistance {unknown}
 E - a potion of lignification {unknown}
 H - a potion of haste {unknown}
 I - 2 potions of flight {unknown}
 K - a potion of beneficial mutation {unknown}
 L - a potion of magic {unknown}
Comestibles
 c - 2 bread rations
 i - 2 meat rations


   Skills:
 + Level 8.3 Fighting
 * Level 10.1 Axes
 * Level 8.2 Bows
 + Level 7.3 Armour
 + Level 7.2 Dodging


You had 9 spell levels left.
You didn't know any spells.

Dungeon Overview and Level Annotations

Branches:
Dungeon (8/15)             Temple (0/1) D:4
   Lair: D:8-11

Altars:
Elyvilon
Fedhas
Pakellas
The Shining One


Innate Abilities, Weirdness & Mutations

You reflexively headbutt those who attack you in melee.
You have a pair of horns on your head.


Message History

You are too injured to fight recklessly!
You barely miss the slime creature.
The slime creature is almost dead.
You slice the slime creature!!
The slime creature is severely wounded.
You completely miss the large slime creature.
The large slime creature is heavily wounded.
The slime creature closely misses you. You furiously retaliate!
You headbutt the slime creature! You slash the slime creature!
You kill the slime creature!
Trog accepts your kill.
Your Axes skill increases to level 10!
You slash the large slime creature!
The large slime creature is severely wounded.
You slash the slime creature!
You kill the slime creature!
Trog accepts your kill. The large slime creature hits you!!
You die...

#.# ###.............###
#.# #.####........# #.#
#.####........# #.#
#...........###
#.##########.####.#
#............# #.#
#################.#
#.....J.........#.#
..$....@...####.#.#
#..........# #.#.######
###############.#.......
................
#########.##......
#.......#.#.......
#.####....#.......
#)#########.######
#....# #.#


You could see a large slime creature.

Vanquished Creatures
  The ghost of ReniFell the Fighter, a novice GrFi of Okawaru (D:5)
  The ghost of amentoraz the Cudgeler, an amateur DsAK of Lugonu (D:4)
  3 slime creatures (D:8)
  A hungry ghost (D:5)
  A soldier ant (D:5)
  A water moccasin (D:7)
  Duvessa (D:7)
  2 ice beasts
  2 sky beasts
  2 necrophages
  The ghost of atro the Skirmisher, an amateur DsAK of Lugonu (D:3)
  2 centaurs
  2 wyvern zombies
  3 giant frogs
  Dowan (D:7)
  5 scorpions
  4 killer bees (D:7)
  A howler monkey (D:4)
  4 wights (D:6)
  5 bog bodies (Ossuary)
  7 crimson imps
  5 centaur zombies
  A giant frog zombie (Ossuary)
  A jelly (D:5)
  3 orc priests
  2 hounds
  Crazy Yiuf (D:2)
  A giant frog skeleton (D:6)
  3 orc wizards
  Terence (D:2)
  12 worker ants
  A killer bee zombie (Ossuary)
  8 mummies (Ossuary)
  2 hound zombies (Ossuary)
  A howler monkey zombie (Ossuary)
  A worker ant zombie (Ossuary)
  8 adders
  An adder skeleton (D:7)
  A worm (D:2)
  2 dart slugs (D:1)
  3 giant geckos
  20 orcs
  13 bats
  10 giant cockroaches
  8 goblins
  3 hobgoblins
  6 jackals
  4 quokkas
  2 ball pythons (D:1)
  2 giant cockroach zombies (Ossuary)
  A giant gecko zombie (Ossuary)
  4 giant newts
  4 kobolds
  A quokka skeleton (D:3)
  4 quokka zombies
  7 rats
  2 withered plants (Ossuary)
199 creatures vanquished.

Vanquished Creatures (others)
  A lightning spire (D:2)
  A bush (D:2)
  A withered plant (Ossuary)
3 creatures vanquished.

Grand Total: 202 creatures vanquished

Notes
Turn   | Place    | Note
--------------------------------------------------------------
     0 | D:1      | nikopol the Minotaur Berserker began the quest for the Orb.
     0 | D:1      | Reached XP level 1. HP: 19/19 MP: 0/0
   201 | D:1      | Reached XP level 2. HP: 27/27 MP: 1/1
   549 | D:1      | Reached skill level 4 in Axes
   770 | D:2      | Reached XP level 3. HP: 10/33 MP: 2/2
  1205 | D:2      | Reached ** piety under Trog
  1313 | D:2      | Noticed Crazy Yiuf
  1318 | D:2      | Killed Crazy Yiuf
  1318 | D:2      | Reached XP level 4. HP: 17/41 MP: 3/3
  1443 | D:2      | Noticed Terence
  1459 | D:2      | Killed Terence
  1596 | D:2      | Found an oddly glowing altar of Pakellas.
  1597 | D:2      | Noticed a cyclops
  1631 | D:3      | Noticed atro's ghost (amateur DsAK)
  1642 | D:3      | Killed atro's ghost
  1642 | D:3      | Reached skill level 5 in Axes
  1642 | D:3      | Reached XP level 5. HP: 47/47 MP: 4/4
  1713 | D:3      | Found a blossoming altar of Fedhas.
  1917 | D:3      | Reached skill level 5 in Fighting
  2520 | D:4      | Found a staircase to the Ecumenical Temple.
  2528 | D:4      | Noticed amentoraz's ghost (amateur DsAK)
  2532 | D:4      | Reached skill level 1 in Bows
  2532 | D:4      | Reached XP level 6. HP: 56/56 MP: 5/5
  2535 | D:4      | Reached *** piety under Trog
  2540 | D:4      | Killed amentoraz's ghost
  2637 | D:4      | Reached skill level 6 in Axes
  2637 | D:4      | Reached XP level 7. HP: 61/61 MP: 6/6
  3175 | D:4      | Found a glowing golden altar of the Shining One.
  3175 | D:4      | Found a white marble altar of Elyvilon.
  3216 | D:5      | Entered Level 5 of the Dungeon
  3271 | D:5      | Noticed ReniFell's ghost (novice GrFi)
  3287 | D:5      | Killed ReniFell's ghost
  3287 | D:5      | Reached skill level 5 in Armour
  3556 | D:5      | Reached skill level 7 in Axes
  3559 | D:5      | Reached XP level 8. HP: 21/70 MP: 7/7
  3583 | D:5      | Reached skill level 5 in Dodging
  3814 | D:5      | Reached skill level 5 in Bows
  3904 | D:5      | Found a runed door.
  3928 | D:5      | Found a runed door.
  3941 | D:5      | Reached **** piety under Trog
  3950 | D:5      | Reached skill level 8 in Axes
  4021 | D:6      | Found a sand-covered staircase.
  4027 | Ossuary  | Entered an ossuary
  4243 | Ossuary  | Reached XP level 9. HP: 77/78 MP: 8/8
  4579 | D:6      | Received a gift from Trog
  4920 | D:6      | Reached skill level 9 in Axes
  5549 | D:7      | Noticed Duvessa
  5550 | D:7      | Noticed Dowan
  5556 | D:7      | Killed Duvessa
  5556 | D:7      | Received a gift from Trog
  5559 | D:7      | Killed Dowan
  5617 | D:7      | Reached XP level 10. HP: 76/88 MP: 9/9
  6516 | D:8      | Reached skill level 10 in Axes
  6516 | D:8      | Reached ***** piety under Trog
  6516 | D:8      | Mangled by a large slime creature

Skill      XL: |  1  2  3  4  5  6  7  8  9 10 |
---------------+-------------------------------+-----
Fighting       | 4 5 6 7 8 |  8.3
Axes           | 4 5 6 7 8 9 10 | 10.1
Armour         | 3 4 5 7 |  7.3
Dodging        | 3 4 5 7 |  7.2
Bows           | 1 2 4 5 7 8 |  8.2

Action                   |  1- 3 |  4- 6 |  7- 9 | 10-12 || total
-------------------------+-------+-------+-------+-------++-------
Melee: Hand axe          |    56 |       |       |       ||    56
       Headbutt          |     4 |    16 |    56 |    11 ||    87
       War axe           |     6 |    64 |   274 |    49 ||   393
 Fire: Longbow           |       |    15 |    30 |       ||    45
       Shortbow          |       |       |    63 |       ||    63
Invok: Berserk           |     1 |     3 |     4 |     1 ||     9
  Use: Scroll            |       |       |     7 |       ||     7
       Potion            |       |       |     1 |       ||     1
 Stab: Sleeping          |     1 |       |       |       ||     1
  Eat: Chunk             |     1 |     9 |    14 |     1 ||    25
       Royal jelly       |       |       |     1 |       ||     1
       Beef jerky        |       |       |     1 |     1 ||     2
Armor: Ring mail         |    17 |    16 |       |       ||    33
       Animal skin       |     5 |       |       |       ||     5
       Scale mail        |       |    26 |    99 |    14 ||   139
Dodge: Dodged            |    34 |    54 |   163 |    23 ||   274
